 Dungeon Crawl Stone Soup version 0.31-a0-799-g6bc09d010c (webtiles) character file.

Game seed: 8689460842146463102

633 Flugkiller the Conjurer (level 7, -4/57 HPs)
             Began as a Naga Conjurer on Sept 19, 2023.
             Was a Believer of Uskayaw.
             Slain by a sleepcap (20 damage)
             ... on level 5 of the Dungeon.
             The game lasted 00:08:25 (5723 turns).

Flugkiller the Conjurer (Naga Conjurer)             Turns: 5723, Time: 00:08:25

Health: -4/57      AC:  8    Str: 16    XL:     7   Next: 49%
Magic:  0/13       EV:  1    Int: 20    God:    Uskayaw [**....]
Gold:   157        SH:  0    Dex:  9    Spells: 2/14 levels left

rFire   . . .        e - +0 dagger
rCold   . . .        (no shield)
rNeg    . . .        g - +2 ring mail {rPois}
rPois   +            C - +0 helmet
rElec   .            (no cloak)
rCorr   .            d - +0 pair of gloves
SInv    +            (no barding)
Will    .....        u - amulet of faith
Stlth   +            c - ring of flight
HPRegen 0.29/turn    A - +6 ring of strength
MPRegen 0.13/turn

%: faith
@: sleeping, flying, very slow
A: AC +2, large, see invisible, deformed body, poison resistance, slowness 2,
spit poison 1, naga tail 1
a: Spit Poison, Renounce Religion, Stomp, Line Pass


You were on level 5 of the Dungeon.
You worshipped Uskayaw.
Uskayaw was noncommittal.
You visited 1 branch of the dungeon, and saw 5 of its levels.

You collected 157 gold pieces.

Inventory:

Hand Weapons
 e - a +0 dagger (weapon)
   (You took it off a goblin on level 1 of the Dungeon)
 z - a +0 whip of electrocution
   (You took it off an orc on level 3 of the Dungeon)
Armour
 a - a +0 robe
 d - a +0 pair of gloves (worn)
   (You found it on level 1 of the Dungeon)
 g - a +2 ring mail of poison resistance (worn)
   (You took it off an orc on level 4 of the Dungeon)
 C - a +0 helmet (worn)
   (You found it on level 4 of the Dungeon)
Magical Staves
 h - a staff of cold
   (You found it on level 1 of the Dungeon)
Jewellery
 c - a ring of flight (left hand)
   (You found it on level 1 of the Dungeon)
 p - a ring of protection from fire
   (You found it on level 5 of the Dungeon)
 u - an amulet of faith (around neck)
   (You took it off an orc priest on level 3 of the Dungeon)
 A - a +6 ring of strength (right hand)
   (You found it on level 3 of the Dungeon)
Wands
 n - a wand of flame (22)
   (You found it on level 2 of the Dungeon)
Scrolls
 b - a scroll of noise
 k - 2 scrolls of torment
 l - a scroll of summoning
 r - a scroll of fog {unknown}
 t - 2 scrolls of teleportation
 x - a scroll of blinking {unknown}
 y - a scroll of fear {unknown}
 B - a scroll of vulnerability
 D - a scroll of poison {unknown}
Potions
 f - 2 potions of lignification {unknown}
 i - a potion of enlightenment
 j - 2 potions of attraction
 m - 2 potions of mutation
 o - a potion of haste {unknown}
 q - 3 potions of curing
 s - a potion of brilliance {unknown}
 v - a potion of invisibility {unknown}
 w - 2 potions of heal wounds
 E - a potion of might {unknown}
 F - a potion of ambrosia {unknown}


   Skills:
 - Level 1.0 Fighting
 - Level 1.5 Dodging
 - Level 3.0 Stealth
 + Level 4.4 Spellcasting
 + Level 7.3 Conjurations
 + Level 1.7 Transmutations


You had 2 spell levels left.
You knew the following spells:

 Your Spells              Type           Power      Damage    Failure   Level
a - Magic Dart            Conj           100%       1d8       1%          1
b - Searing Ray           Conj           66%        2d6       1%          2
c - Iskenderun's Mystic   Conj/Tloc      19%        2d6       45%         4
i - Irradiate             Conj/Tmut      11%        3d15      71%         5

Your spell library contained the following spells:

 Spells                   Type           Power      Damage    Failure   Level
 Passwall                 Tmut/Erth      5%         N/A       26%         2
 Ensorcelled Hibernation  Hex/Ice        8%         N/A       34%         2
 Sublimation of Blood     Necr           4%         N/A       34%         2
 Dazzling Flash           Conj/Hex       38%        N/A       16%         3
 Fulminant Prism          Conj/Hex       9%         3d7       45%         4
 Swiftness                Air            4%         N/A       56%         3
 Tukima's Dance           Hex            4%         N/A       56%         3
 Petrify                  Tmut/Erth      7%         N/A       86%         4
 Dimensional Bullseye     Hex/Tloc       2%         N/A       93%         4


Dungeon Overview and Level Annotations

Branches:
Dungeon (5/15) Zot: 22928
 Temple: D:4-7

Altars:
Cheibriados
Kikubaaqudgha
Trog
Uskayaw
Wu Jian

Shops:
D:5 !


Innate Abilities, Weirdness & Mutations

Your serpentine skin is tough. (AC +2)
You have supernaturally acute eyesight. (SInv)
Armour fits poorly on your strangely shaped body.
Your system is resistant to poisons. (rPois)
You cover ground very slowly.
You can spit poison.
You have a snake-like lower body.


Message History

Aim: a sleepcap (wandering, hasn't noticed you, 100% to hit)
The magic dart hits the sleepcap.
The sleepcap is lightly damaged.
Casting: Magic Dart (safe; 1% risk of failure)
Confirm with . or Enter, or press ? or * to list all spells.
Aiming: Magic Dart (safe; 1% risk of failure)
Press: ? - help, Shift-Dir - straight line, f/p - sleepcap
Aim: a sleepcap (lightly damaged, 100% to hit)
The magic dart hits the sleepcap.
The sleepcap is lightly damaged.
Casting: Magic Dart (safe; 1% risk of failure)
Confirm with . or Enter, or press ? or * to list all spells.
Aiming: Magic Dart (safe; 1% risk of failure)
Press: ? - help, Shift-Dir - straight line, f/p - sleepcap
Aim: a sleepcap (lightly damaged, 100% to hit)
The magic dart hits the sleepcap but does no damage.
The sleepcap is lightly damaged.
The sleepcap releases spores at you.
Casting: Magic Dart (safe; 1% risk of failure)
Confirm with . or Enter, or press ? or * to list all spells.
Aiming: Searing Ray (safe; 1% risk of failure)
Press: ? - help, Shift-Dir - straight line, f/p - sleepcap
Aim: a sleepcap (lightly damaged, 100% to hit)
The searing ray hits the sleepcap.
The sleepcap is lightly damaged. (Press . to maintain the ray.)
The sleepcap releases spores at you.
You are engulfed in a cloud of soporific spores!
You fall asleep.
The sleepcap releases spores at you!
You wake up.
The sleepcap releases spores at you.
Casting: Searing Ray (safe; 1% risk of failure)
Confirm with . or Enter, or press ? or * to list all spells.
Aiming: Searing Ray (safe; 1% risk of failure)
Press: ? - help, Shift-Dir - straight line, f/p - sleepcap
Aim: a sleepcap (lightly damaged, 100% to hit)
The searing ray hits the sleepcap.
The sleepcap is moderately damaged. (Press . to maintain the ray.)
The sleepcap releases spores at you but does no damage.
The searing ray hits the sleepcap.
The sleepcap is moderately damaged.
The sleepcap releases spores at you but does no damage.
The searing ray hits the sleepcap but does no damage.
The sleepcap is moderately damaged.
The sleepcap releases spores at you.
You are engulfed in a cloud of soporific spores!
You are unaffected.
The searing ray hits the sleepcap!
The sleepcap is severely damaged.
You finish channelling your searing ray.
The sleepcap closely misses you.
You can now pass through a line of other dancers.
Casting: Searing Ray (safe; 1% risk of failure)
Confirm with . or Enter, or press ? or * to list all spells.
Aiming: Searing Ray (safe; 1% risk of failure)
Press: ? - help, Shift-Dir - straight line, f/p - sleepcap
Aim: a sleepcap (severely damaged, 100% to hit)
The searing ray hits the sleepcap.
The sleepcap is severely damaged. (Press . to maintain the ray.)
The sleepcap releases spores at you.
The searing ray hits the sleepcap.
The sleepcap is almost destroyed.
The sleepcap releases spores at you.
You are engulfed in a cloud of soporific spores!
You fall asleep.
The sleepcap releases spores at you but does no damage.
The sleepcap releases spores at you!
You wake up.
You are engulfed in a cloud of soporific spores!
You are unaffected.
You hit the sleepcap but do no damage.
The sleepcap is almost destroyed.
The sleepcap releases spores at you.
You are engulfed in a cloud of soporific spores!
You are unaffected.
You hit the sleepcap but do no damage.
The sleepcap is almost destroyed.
The sleepcap releases spores at you.
Casting: Searing Ray (safe; 1% risk of failure)
Confirm with . or Enter, or press ? or * to list all spells.
Aiming: Magic Dart (safe; 1% risk of failure)
Press: ? - help, Shift-Dir - straight line, f/p - sleepcap
Aim: a sleepcap (almost destroyed, 100% to hit)
The magic dart hits the sleepcap but does no damage.
The sleepcap is almost destroyed.
The sleepcap barely misses you.
Casting: Magic Dart (safe; 1% risk of failure)
Confirm with . or Enter, or press ? or * to list all spells.
Aiming: Magic Dart (safe; 1% risk of failure)
Press: ? - help, Shift-Dir - straight line, f/p - sleepcap
Aim: a sleepcap (almost destroyed, 100% to hit)
The magic dart hits the sleepcap.
The sleepcap is almost destroyed.
The sleepcap releases spores at you.
* * * LOW HITPOINT WARNING * * *
You are engulfed in a cloud of soporific spores!
You fall asleep.
The sleepcap releases spores at you!!
You die...

... ..# ..### .... ### ### ...#
+.# ####.. ...# ###.#+#### #....#
.∩.## ####.....#..# ####.....
....#####..'.....##'#####.....#..
...........#...f@#...#.......♣#..
##.#####.#####.#'#...#'#..#######
###### #.+...'.#.......#.###.♣#..
#...#####...#####...######...#..
#...'.#.......#.'...'.#.........
##.###.#+#...#'#.#####.#'#..##..#
#..#.....#...#.....#.....#.###...
...+.....##+##.....+.....#####...
.###.....#...#.....#.....#...#.##


You could see a sleepcap.

Vanquished Creatures
  An ogre (D:5)
  A scorpion (D:5)
  A jelly (D:5)
  A gnoll bouda (D:5)
  3 orc priests (D:3)
  Terence (D:2)
  3 orc wizards
  4 gnolls (D:5)
  5 adders
  A shadow imp (D:5)
  A white imp (D:5)
  An ufetubus (D:5)
  A worm (D:3)
  2 dart slugs
  22 orcs
  6 bats
  5 endoplasms
  3 giant cockroaches
  12 goblins
  8 hobgoblins
  8 jackals
  6 kobolds
  2 quokkas
  6 ball pythons
  7 rats
111 creatures vanquished.

Notes
Turn   | Place    | Note
-------+----------+-------------------------------------------
     0 | D:1      | Flugkiller the Naga Conjurer began the quest for the Orb.
     0 | D:1      | Reached XP level 1. HP: 15/15 MP: 3/3
   237 | D:1      | Reached XP level 2. HP: 22/22 MP: 2/5
   568 | D:1      | Learned a level 2 spell: Searing Ray
   626 | D:1      | Found a faded altar of an unknown god.
   651 | D:1      | Prayed at the altar of an unknown god.
   651 | D:1      | Became a worshipper of Uskayaw the Reveller
   651 | D:1      | Reached * piety under Uskayaw
   920 | D:2      | Reached XP level 3. HP: 28/28 MP: 3/7
   920 | D:2      | Reached ** piety under Uskayaw
   927 | D:1      | Reached *** piety under Uskayaw
  1271 | D:2      | Noticed Terence
  1657 | D:2      | Killed Terence
  1658 | D:2      | Reached XP level 4. HP: 11/36 MP: 5/9
  2150 | D:3      | Reached XP level 5. HP: 29/42 MP: 3/10
  2485 | D:4      | Found a bloodstained altar of Trog.
  2622 | D:4      | Reached skill level 5 in Conjurations
  3038 | D:3      | Reached skill level 1 in Fighting
  3450 | D:3      | Reached XP level 6. HP: 51/51 MP: 3/12
  3545 | D:3      | Reached skill level 6 in Conjurations
  3550 | D:3      | Learned a level 4 spell: Iskenderun's Mystic Blast
  4243 | D:4      | Learned a level 5 spell: Irradiate
  4525 | D:5      | Entered Level 5 of the Dungeon
  4547 | D:5      | Reached skill level 7 in Conjurations
  4547 | D:5      | Reached XP level 7. HP: 57/57 MP: 5/13
  4713 | D:5      | Found an ancient bone altar of Kikubaaqudgha.
  4759 | D:5      | Found Legafoig's Distillery.
  4874 | D:5      | Reached **** piety under Uskayaw
  4876 | D:5      | Reached skill level 1 in Transmutations
  4877 | D:5      | Reached ***** piety under Uskayaw
  5645 | D:5      | Found a snail-covered altar of Cheibriados.
  5683 | D:5      | Found an ornate altar of the Wu Jian Council.
  5723 | D:5      | Slain by a sleepcap

Illustrated notes

Levels and vault maps discovered:
D:1:      evilmike_arrival_home_sweet_home, layout_basic,
          nicolae_ecumenical_snake_handling, minivault_19
D:2:      layout_loops_cross, uniq_terence
D:3:      minmay_angry_zag, layout_rooms, chequers_serial_rivers_small_b,
          amcnicky_mini_rare_corridor_liquid, minmay_curled_crystal,
          hangedman_decor_points
D:4:      layout_loops_ring, trog_three_pillars_becter,
          ebering_dispersal_statue_hall
D:5:      nicolae_cairo_tiling_large, layout_layer_cave,
          nicolae_overflow_quartered_altars, serial_shops, shop

Skill      XL: |  1  2  3  4  5  6  7 |
---------------+----------------------+-----
Spellcasting   | 3 4 |  4.4
Conjurations   | 5 7 |  7.3
Fighting       | 1 |  1.0
Transmutations | 1 |  1.7
Dodging        | |  1.5
Stealth        | |  3.0

Action                     |  1- 3 |  4- 6 |  7- 9 || total
---------------------------+-------+-------+-------++-------
  Melee: Unarmed           |     3 |       |       ||     3
         Dagger            |     7 |    35 |     2 ||    44
         Punch             |       |     1 |       ||     1
   Cast: Magic Dart        |    68 |   100 |    31 ||   199
         Searing Ray       |     3 |    12 |     7 ||    22
Ability: Spit Poison       |     2 |     1 |       ||     3
    Use: Potion            |     1 |     3 |       ||     4
         Scroll            |       |     8 |     1 ||     9
 Armour: Robe              |    23 |    28 |       ||    51
         Ring mail         |       |    31 |    26 ||    57
  Dodge: Dodged            |    10 |    47 |     9 ||    66

Table legend: (Time is in decaauts)
 A = Elapsed time spent in this place.
 B = Non-inter-level travel time spent in this place.
 C = Inter-level travel time spent in this place.
 D = Time resting spent in this place.
 E = Time spent auto-exploring this place.
 F = Levels seen in this place.
 G = Mean time per level.
                   A        B        C        D        E       F      G
               +--------+--------+--------+--------+--------+-----+--------+
         Total |   7071 |   6774 |    297 |   1855 |   3872 |   5 | 1414.2 |
       Dungeon |   7071 |   6774 |    297 |   1855 |   3872 |   5 | 1414.2 |
               +--------+--------+--------+--------+--------+-----+--------+

Top non-repeatable levels by time:
     D:3: 1610 daAuts
     D:5: 1506 daAuts
     D:4: 1383 daAuts
     D:1: 1342 daAuts
     D:2: 1228 daAuts
